 Dungeon Crawl Stone Soup version 0.27-a0-1123-g2f9bb313c0 (webtiles) character file.

Game seed: 17795360008492699215

183133 senseless the Warrior (level 17, -2/162 HPs)
             Began as a Hill Orc Fighter on Apr 30, 2021.
             Was the Champion of Beogh.
             Slain by an iron troll (4 damage)
             ... on level 2 of the Depths on May 3, 2021.
             The game lasted 02:23:57 (37371 turns).

senseless the Warrior (Hill Orc Fighter)           Turns: 37371, Time: 02:23:57

Health: -2/162     AC: 49    Str: 26    XL:     17   Next: 98%
Magic:  20/20      EV: 30    Int: 10    God:    Beogh [******]
Gold:   1678       SH: 16    Dex: 13    Spells: 16/16 levels left

rFire    . . .     SeeInvis .   t - +9 spear "Riaxat" {vamp, Int+2 Stlth+}
rCold    . . .     Faith    .   c - +2 kite shield
rNeg     . . .     Spirit   .   X - +15 Maxwell's patent armour {-Cast -Tele rElec Will+ rCorr}
rPois    .         Reflect  .   Q - +2 hat
rElec    +         Harm     .   e - +2 cloak
rCorr    +         Rampage  +   E - +0 pair of gloves {archery}
Will     ++...     NoTele   +   N - +2 pair of boots {rampage} Stlth ..........NoCast +
                                O - amulet "Ridul" {Acrobat rElec Str+3}
HPRegen  0.37/turn              M - +4 ring of evasion
MPRegen  0.17/turn              q - +4 ring of protection

@: acrobatic
A: walk on water, iridescent scales 1, mutation resistance 1, teleportitis 1
}: 1/15 runes: decaying
a: Renounce Religion, Smiting, Recall Orcish Followers, Give Item to Named
Follower, Resurrection


You were on level 2 of the Depths.
You worshipped Beogh.
Beogh was exalted by your worship.
You visited 6 branches of the dungeon, and saw 30 of its levels.
You also visited: Ossuary, Bailey and Ice Cave.

You collected 3220 gold pieces.
You spent 1542 gold pieces at shops.

Inventory:

Hand Weapons
 o - a +5 demon trident
 t - the +9 spear "Riaxat" (weapon) {vamp, Int+2 Stlth+}
   (You found it on level 4 of the Dungeon)

   It inflicts no extra harm, but heals its wielder when it wounds a living foe.
   It affects your intelligence (+2).
   It makes you more stealthy.
 F - the +8 quarterstaff of Intimidation {spect, rF++ Int-5 Dex+5}
   (You found it on level 3 of the Swamp)

   When it strikes, its spirit leaps out and fights alongside the wielder.
   It affects your intelligence (-5).
   It affects your dexterity (+5).
   It greatly protects you from fire.
 S - a +4 demon blade
 U - a +5 broad axe of flaming
Missiles
 v - 9 boomerangs of dispersal
 H - 4 atropa-tipped darts (quivered)
Armour
 c - a +2 kite shield (worn)
 e - a +2 cloak (worn)
 E - a +0 pair of gloves of archery (worn)
 N - a +2 pair of boots of rampaging (worn)
 Q - a +2 hat (worn)
 X - the +15 Maxwell's patent armour (worn) {-Cast -Tele rElec Will+ rCorr}
   (You acquired it on level 1 of the Depths)

   It insulates you from electricity.
   It prevents spellcasting.
   It prevents most forms of teleportation.
   It protects you from acid and corrosion.
   It increases your willpower.
Jewellery
 a - a ring of flight
 j - a ring of positive energy
 l - a ring of protection from cold
 q - a +4 ring of protection (right hand)
 C - a ring of poison resistance
 D - a ring of protection from fire
 G - a ring of positive energy
 M - a +4 ring of evasion (left hand)
 O - the amulet "Ridul" (around neck) {Acrobat rElec Str+3}
   (You acquired it on level 10 of the Dungeon)

   [amulet of the acrobat]

   It increases your evasion while moving and waiting.
   It affects your strength (+3).
   It insulates you from electricity.
 P - a ring of see invisible
 T - a ring of protection from cold
 W - a ring of protection from fire
 Y - an amulet of reflection
Wands
 h - a wand of mindburst (41)
 n - a wand of iceblast (38)
 p - a wand of acid (14)
 s - a wand of digging (2)
 y - a wand of flame (91)
 J - a wand of polymorph (24)
 Z - a wand of paralysis (9)
Scrolls
 b - 2 scrolls of fear
 f - 13 scrolls of teleportation
 x - 5 scrolls of magic mapping
 I - a scroll of holy word
 K - a scroll of enchant armour
 L - 8 scrolls of enchant weapon
 R - 15 scrolls of identify
 V - 4 scrolls of blinking
Potions
 d - 3 potions of might
 g - 10 potions of flight
 i - 3 potions of resistance
 k - 2 potions of brilliance
 m - 3 potions of attraction
 r - 7 potions of curing
 u - 6 potions of mutation
 w - 7 potions of magic
 z - 4 potions of invisibility
 A - 6 potions of haste
 B - 5 potions of lignification


   Skills:
 + Level 17.6 Fighting
 + Level 4.3(13.3) Axes
 - Level 16.2(16.3) Polearms
 + Level 16.1 Armour
 * Level 7.8 Dodging
 + Level 6.1 Stealth
 - Level 15.0 Shields
 + Level 4.0 Invocations


You had 16 spell levels left.
You didn't know any spells.
Your spell library contained the following spells:

 Spells                   Type           Power      Damage    Failure   Level
 Animate Skeleton         Necr           0%         N/A       94%         1
 Apportation              Tloc           0%         N/A       94%         1
 Beastly Appendage        Tmut           0%         N/A       94%         1
 Corona                   Hex            0%         N/A       94%         1
 Foxfire                  Conj/Fire      0%         2x1d4     94%         1
 Magic Dart               Conj           0%         1d3       94%         1
 Pain                     Necr           0%         1d4       94%         1
 Sting                    Tmut/Pois      0%         1d3       94%         1
 Summon Small Mammal      Summ           0%         N/A       94%         1
 Blink                    Tloc           N/A        N/A       98%         2
 Call Imp                 Summ           0%         N/A       98%         2
 Corpse Rot               Necr/Air       N/A        N/A       98%         2
 Ensorcelled Hibernation  Hex/Ice        0%         N/A       98%         2
 Poisonous Vapours        Pois/Air       0%         N/A       98%         2
 Slow                     Hex            0%         N/A       98%         2
 Sublimation of Blood     Necr           0%         N/A       98%         2
 Wereblood                Tmut           0%         N/A       98%         2
 Call Canine Familiar     Summ           0%         N/A       100%        3
 Confusing Touch          Hex            0%         N/A       100%        3
 Conjure Flame            Conj/Fire      0%         6-21      100%        3
 Dazzling Flash           Conj/Hex       0%         N/A       100%        3
 Gell's Gravitas          Tloc           0%         N/A       100%        3
 Ignite Poison            Fire/Tmut/Pois 0%         N/A       100%        3
 Inner Flame              Hex/Fire       0%         N/A       100%        3
 Lesser Beckoning         Tloc           0%         N/A       100%        3
 Mephitic Cloud           Conj/Pois/Air  0%         N/A       100%        3
 Spider Form              Tmut/Pois      0%         N/A       100%        3
 Teleport Other           Tloc           0%         N/A       100%        3
 Tukima's Dance           Hex            0%         N/A       100%        3
 Vampiric Draining        Necr           0%         2d6       100%        3
 Animate Armour           Summ/Erth      0%         N/A       100%        4
 Animate Dead             Necr           0%         N/A       100%        4
 Cause Fear               Hex            0%         N/A       100%        4
 Dispel Undead            Necr           0%         3d6       100%        4
 Ice Form                 Ice/Tmut       0%         N/A       100%        4
 Leda's Liquefaction      Hex/Erth       0%         N/A       100%        4
 Olgreb's Toxic Radiance  Pois           0%         N/A       100%        4
 Sticky Flame             Conj/Fire      0%         2d3       100%        4
 Agony                    Necr           0%         N/A       100%        5
 Bolt of Magma            Conj/Fire/Erth 0%         4d4       100%        5
 Borgnjor's Vile Clutch   Necr/Erth      0%         N/A       100%        5
 Excruciating Wounds      Necr           0%         N/A       100%        5
 Fireball                 Conj/Fire      0%         3d3       100%        5
 Hydra Form               Tmut           0%         N/A       100%        5
 Irradiate                Conj/Tmut      0%         3d13      100%        5
 Manifold Assault         Tloc           0%         N/A       100%        5
 Silence                  Hex/Air        0%         N/A       100%        5
 Summon Forest            Summ/Tloc      0%         N/A       100%        5
 Yara's Violent Unravell  Hex/Tmut       0%         3d3       100%        5
 Blade Hands              Tmut           0%         N/A       100%        6
 Death Channel            Necr           0%         N/A       100%        6
 Invisibility             Hex            0%         N/A       100%        6
 Iron Shot                Conj/Erth      0%         9d1       100%        6
 Simulacrum               Ice/Necr       0%         N/A       100%        6
 Statue Form              Tmut/Erth      0%         N/A       100%        6
 Dragon Form              Tmut           0%         N/A       100%        7
 Discord                  Hex            0%         N/A       100%        8
 Shatter                  Erth           0%         3d5*      100%        9


Dungeon Overview and Level Annotations

Branches:
Dungeon (15/15)            Temple (0/1) D:4            Lair (6/6) D:8
  Swamp (4/4) Lair:2       Spider (0/4) Lair:4        Slime (0/5) Lair:6
    Orc (2/2) D:9             Elf (0/3) Orc:2        Vaults (0/5) D:13
 Depths (2/5) D:15           Hell (visited)         Ossuary (visited)
 Bailey (visited)           IceCv (visited)
    Dis: Hell:1         Geh: Hell:1         Coc: Hell:1         Tar: Hell:1

Altars:
Ashenzari
Cheibriados
Elyvilon
Hepliaklqana
Makhleb
Okawaru
Uskayaw
Vehumet
Wu Jian
Xom
Yredelemnul
Zin
Beogh

Shops:
D:3 *   D:12 =   Orc:2 ((!(   Depths:1 :*[[[   Depths:2 *

Portals:
Hell: Depths:1
Pandemonium: Depths:2

Annotations:
Hell Geryon


Innate Abilities, Weirdness & Mutations

You can walk on water.
You are partially covered in iridescent scales. (AC +2)
You are somewhat resistant to further mutation.
You are occasionally teleported next to monsters.


Message History

You hear an angry growl.
You cannot teleport because you are wearing the +15 Maxwell's patent armour {-Cast -Tele rElec Will+ rCorr}.
The spriggan berserker hits you with a +0 quarterstaff.
* * * LOW HITPOINT WARNING * * *
You block the deep troll earth mage's attack. x2
The deep troll earth mage barely misses you.
The spriggan berserker mumbles some strange prayers to Trog.
The elephant goes berserk!
You hear an angry growl.
The deep troll earth mage points next to the spriggan berserker and mumbles some strange words.
You hear a grinding noise.
The deep troll earth mage points at you and mumbles some strange words.
The wall shatters!
The blast of rock fragments hits you but does no damage.
The spriggan berserker hits you but does no damage.
An ettin comes into view.
It is wielding a +0 dire flail and a +0 great mace.
Some rock shatters into small pieces.
The spriggan berserker barely misses you.
The spriggan berserker rages.
You block the elephant's attack.
The elephant trunk-slaps you but does no damage.
The polar bear rages.
The spriggan berserker hits you with a +0 quarterstaff!!
* * * LOW HITPOINT WARNING * * *
You hear an angry growl.
You block the spriggan berserker's attack.
You see here 27 stones.
The deep troll earth mage casts a spell next to the spriggan berserker.
Some rock shatters into small pieces.
The elephant misses you. You block the elephant's attack.
The deep troll earth mage points next to the elephant and mumbles some strange words.
You hear a grinding noise.
The polar bear is no longer berserk. x2
You block the spriggan berserker's attack.
The elephant rages.
You block the deep troll's attack. x2; The deep troll completely misses you.
You block the spriggan berserker's attack.
The iron troll completely misses you. You block the iron troll's attack.
The iron troll claws you.
You die...

..###..>.........#
#...))......###.#
#.##............#### #..
#.......#.#'.T.....# #.#
#....##.......h.####
#.###.... #.....T#i..##
#...∩.... ##.[..hCTT..##
#..#..#.####.##.TT#(...#
#..##.#.........@iC.#....#
#..##.#.#..([.#.#Y..#....#
#.....#....[.#..##..#.#..#
(.#............. #....##+#
###.####........ ##.### #
#.# #..##(.... #.# # #.#
#.##.......#.# . ..#
#.#........#.# # ### #.
.....∩.#


You could see a fire giant, 2 iron trolls, an elephant (summoned, berserk), an
ettin, 2 deep trolls, 2 spriggan berserkers, 2 deep troll earth magi and 2 polar
bears.

Vanquished Creatures
  Mara (Depths:1)
  Nikola (Swamp:3)
  Rupert (D:12)
  A tentacled monstrosity (Swamp:3)
  A thorn hunter (Swamp:4)
  Kirke (Lair:4)
  A tengu reaver (D:12)
  Gastronok (Lair:2)
  A fire giant (Depths:1)
  A frost giant (IceCv)
  3 very ugly things (Depths:1)
  2 stone giants (Depths:2)
  An ettin (D:15)
  3 eleionomae
  A great orb of eyes (Depths:1)
  A vault guard (D:13)
  12 hydras
  Erolcha (D:11)
  An ice dragon (Depths:2)
  An ogre mage (D:12)
  2 boulder beetles
  2 centaur warriors (D:15)
  A spriggan air mage (Depths:2)
  A death knight (D:14)
  2 deep troll shamans
  4 two-headed ogres
  2 alligators
  A tengu warrior (D:12)
  2 vampire magi
  A death yak (IceCv)
  3 deep troll earth magi
  An orc high priest (Orc:1)
  2 spriggan berserkers
  8 hell knights (D:15)
  3 iron trolls
  5 skeletal warriors
  A goliath frog (Swamp:2)
  9 deep trolls
  4 swamp dragons
  3 bog bodies
  A spriggan druid (Swamp:3)
  A harpy (D:12)
  A phantasmal warrior (D:14)
  2 necromancers (D:15)
  2 deep elf pyromancers
  A wolf spider (Lair:4)
  2 will-o-the-wisps
  4 manticores
  5 ugly things
  2 elephants (Lair:2)
  5 cyclopes
  2 torpor snails (Lair:6)
  3 cane toads
  3 unseen horrors
  A yaktaur (D:15)
  3 freezing wraiths (D:14)
  An efreet (D:15)
  A komodo dragon (Lair:6)
  4 kobold demonologists (D:14)
  5 trolls
  A queen bee (shapeshifter) (D:13)
  A tyrant leech (Swamp:2)
  22 polar bears
  14 blink frogs
  6 hornets
  Prince Ribbit (D:5)
  A raiju (Lair:6)
  4 dream sheep (Lair:6)
  11 slime creatures
  9 spriggans
  A water elemental (D:14)
  2 hogs (Lair:4)
  A vampire (D:9)
  A ynoxinul (Depths:2)
  2 shadows (D:9)
  A wyvern (Lair:1)
  6 wraiths
  2 basilisks
  24 yaks
  5 wargs
  5 vampire mosquitoes
  Edmund (D:4)
  9 hell hounds
  5 swamp worms
  2 acid dragons (D:12)
  7 water moccasins
  11 orc warriors
  A sky beast (D:5)
  5 swamp drakes
  3 ice beasts (Lair:1)
  10 black bears
  A necrophage (D:4)
  8 ogres
  17 wolves
  13 centaurs
  4 kobold brigands
  9 bullfrogs
  4 scorpions
  2 wyvern zombies
  3 gnoll sergeants (D:9)
  6 killer bees (D:9)
  A killer bee (shapeshifter) (D:12)
  3 wights (D:10)
  2 howler monkeys
  2 electric eels (D:14)
  2 centaur zombies (Ossuary)
  5 crimson imps
  10 bullfrog zombies
  A hound (D:5)
  4 jellies (Lair:6)
  4 orc priests
  3 iguanas
  13 orc wizards
  Natasha (thrice) (D:4)
  2 hell rats (Lair:5)
  3 killer bee zombies
  15 mummies (Ossuary)
  9 gnolls
  2 howler monkey zombies
  7 adders
  10 river rats
  A shadow imp (D:11)
  2 white imps
  4 dart slugs
  20 orcs
  4 ball pythons
  9 endoplasms
  3 giant cockroaches
  10 goblins
  6 hobgoblins
  11 jackals
  3 quokkas
  5 bats
  2 frilled lizards
  15 kobolds
  5 rats
  2 briar patches (Swamp:4)
586 creatures vanquished.

Vanquished Creatures (collateral kills)
  A fenstrider witch (Swamp:1)
  A stone giant (Depths:2)
  Nessos (D:14)
  Snorg (Lair:4)
  Josephine (Lair:4)
  A great orb of eyes (Depths:1)
  An ice dragon (Lair:6)
  11 hydras
  3 vault guards (D:13)
  4 boulder beetles
  2 ghost crabs
  A centaur warrior (D:14)
  An ogre mage (D:12)
  2 death knights
  A two-headed ogre (D:12)
  3 alligators
  A tengu warrior (D:14)
  A spriggan berserker (Swamp:4)
  Urug (D:11)
  4 spriggan druids
  9 swamp dragons
  A bog body (Swamp:4)
  3 deep trolls
  A wizard (D:15)
  2 lindwurms (Lair:6)
  A phantasmal warrior (D:14)
  4 deep elf pyromancers
  An ugly thing (D:13)
  5 orc knights (Orc:2)
  2 cyclopes
  Maurice (D:9)
  3 will-o-the-wisps
  A manticore (D:13)
  2 elephants (Lair:2)
  3 black mambas
  4 torpor snails (Lair:6)
  A gargoyle (D:12)
  2 rime drakes (Lair:4)
  4 cane toads
  An unseen horror (D:10)
  2 komodo dragons
  A freezing wraith (D:15)
  2 yaktaurs (D:15)
  A tengu conjurer (D:14)
  5 polar bears
  4 meliai
  11 hornets
  3 raiju (Lair:6)
  14 slime creatures
  8 tyrant leeches
  9 dream sheep (Lair:6)
  28 blink frogs
  3 wyverns
  7 wraiths
  7 spriggans
  A hog (Lair:4)
  A basilisk (Lair:3)
  37 yaks
  A vampire mosquito (D:14)
  8 swamp worms
  5 wargs
  4 water moccasins
  6 swamp drakes (Swamp:4)
  11 hell hounds (Lair:6)
  12 orc warriors
  5 ice beasts (Lair:1)
  3 black bears
  5 centaurs
  An ogre (D:9)
  12 wolves
  A kobold brigand (D:9)
  4 bullfrogs
  A gnoll sergeant (D:9)
  3 electric eels
  A wight (D:10)
  3 centaur zombies
  4 orc priests (Orc:2)
  9 jellies (Lair:6)
  An iron imp (D:11)
  6 orc wizards
  3 river rats (Lair:5)
  14 orcs
  A goblin (Orc:1)
  4 kobolds
  2 bushes
367 creatures vanquished.

Vanquished Creatures (others)
  An orc warlord (Swamp:4)
  14 orc knights
  A bloated husk (Swamp:3)
  15 orc warriors
  A spriggan (Swamp:4)
  A swamp worm (Swamp:3)
  6 orc priests
  A jelly (Lair:6)
  6 orc wizards
  55 orcs
  6 foxfires (Swamp:4)
  89 fungi
  182 plants
  10 withered plants (Ossuary)
388 creatures vanquished.

Grand Total: 1341 creatures vanquished

Notes
Turn   | Place    | Note
-------+----------+-------------------------------------------
     0 | D:1      | senseless the Hill Orc Fighter began the quest for the Orb.
     0 | D:1      | Reached XP level 1. HP: 19/19 MP: 1/1
   265 | D:1      | Found a faded altar of an unknown god.
   340 | D:1      | Reached skill level 4 in Fighting
   340 | D:1      | Reached XP level 2. HP: 26/27 MP: 2/2
   716 | D:1      | Reached XP level 3. HP: 33/33 MP: 3/3
  1071 | D:1      | You fall into a shaft and drop 1 floor!
  1799 | D:2      | Reached XP level 4. HP: 28/40 MP: 4/4
  2205 | D:3      | Found Riuzun's Assorted Antiques.
  3064 | D:4      | Became a worshipper of Beogh the Brigand
  3131 | D:4      | Identified the +9 spear "Riaxat" {vamp, Int+2 Stlth+}
  3178 | D:4      | Found a sand-covered staircase.
  3187 | Ossuary  | Entered an ossuary
  3196 | Ossuary  | Reached XP level 5. HP: 46/46 MP: 5/5
  3248 | Ossuary  | Reached skill level 1 in Polearms
  3318 | Ossuary  | Reached XP level 6. HP: 48/53 MP: 6/6
  3325 | Ossuary  | Reached skill level 1 in Dodging
  3550 | Ossuary  | Reached XP level 7. HP: 46/60 MP: 7/7
  3649 | Ossuary  | Reached skill level 5 in Shields
  3653 | Ossuary  | Reached skill level 5 in Fighting
  3911 | Ossuary  | Reached skill level 5 in Armour
  3987 | Ossuary  | Reached * piety under Beogh
  3988 | Ossuary  | Reached skill level 5 in Polearms
  3988 | Ossuary  | Reached XP level 8. HP: 63/69 MP: 8/8
  4085 | Ossuary  | Gained mutation: You are occasionally teleported next to
                  | monsters. [potion of mutation]
  4085 | Ossuary  | Gained mutation: You expend magic power (3 MP) to
                  | strengthen your wands. [potion of mutation]
  4086 | Ossuary  | Lost mutation: You expend magic power (3 MP) to strengthen
                  | your wands. [potion of mutation]
  4086 | Ossuary  | Gained mutation: You are partially covered in iridescent
                  | scales. (AC +2) [potion of mutation]
  4086 | Ossuary  | Gained mutation: You are somewhat resistant to further
                  | mutation. [potion of mutation]
  4110 | D:4      | Noticed Natasha
  4116 | D:4      | Killed Natasha
  4189 | D:4      | Noticed Natasha
  4195 | D:4      | Killed Natasha
  4205 | D:4      | Reached skill level 1 in Stealth
  4371 | D:4      | Found a staircase to the Ecumenical Temple.
  4421 | D:4      | Noticed Natasha
  4429 | D:4      | Killed Natasha
  4511 | D:4      | Noticed Edmund
  4523 | D:4      | Killed Edmund
  4768 | D:5      | Entered Level 5 of the Dungeon
  4799 | D:5      | Reached skill level 6 in Fighting
  4820 | D:5      | Noticed Prince Ribbit
  5362 | D:5      | Killed Prince Ribbit
  5362 | D:5      | Reached ** piety under Beogh
  5363 | D:5      | Reached XP level 9. HP: 57/75 MP: 9/9
  6021 | D:5      | Found a hazy altar of Hepliaklqana.
  6021 | D:5      | Found a burning altar of Makhleb.
  6022 | D:5      | Found a snail-covered altar of Cheibriados.
  7585 | D:8      | Reached skill level 7 in Fighting
  7722 | D:8      | Reached XP level 10. HP: 86/86 MP: 10/10
  7819 | D:8      | Found a glowing silver altar of Zin.
  7819 | D:8      | Found an iron altar of Okawaru.
  7820 | D:8      | Found a broken altar of Ashenzari.
  7820 | D:8      | Found a hide-covered altar of Uskayaw.
  7820 | D:8      | Found a radiant altar of Vehumet.
  7821 | D:8      | Found a shimmering altar of Xom.
  7821 | D:8      | Found a white marble altar of Elyvilon.
  7822 | D:8      | Found a basalt altar of Yredelemnul.
  8100 | D:8      | Found a staircase to the Lair.
  8235 | D:9      | Reached *** piety under Beogh
  8258 | D:9      | Noticed a cyclops
  8273 | D:9      | Killed a cyclops
  8554 | D:9      | Noticed Maurice
  8569 | D:9      | Killed Maurice
  9057 | D:9      | Gained Brandogh as an ally
  9062 | D:9      | Found a staircase to the Orcish Mines.
  9118 | D:9      | Reached skill level 8 in Fighting
  9221 | D:9      | Found an ornate altar of the Wu Jian Council.
  9424 | D:10     | Entered Level 10 of the Dungeon
  9582 | D:10     | Reached XP level 11. HP: 88/94 MP: 11/11
  9726 | D:10     | Reached skill level 10 in Polearms
  9862 | D:10     | Reached **** piety under Beogh
 10219 | D:10     | Identified 2 scrolls of acquirement
 10219 | D:10     | Acquired the amulet "Ridul" {Acrobat rElec Str+3}
 10226 | D:10     | Acquired a +2 pair of boots of rampaging
 10355 | D:11     | Noticed a deep elf pyromancer
 10360 | D:11     | Killed a deep elf pyromancer
 10384 | D:11     | Noticed a deep elf pyromancer
 10388 | D:11     | Killed a deep elf pyromancer
 10772 | D:11     | Noticed Erolcha
 10777 | D:11     | Killed Erolcha
 10821 | D:11     | Noticed Urug
 10821 | D:11     | Noticed a cyan ugly thing
 10827 | D:11     | Killed a cyan ugly thing
 10835 | D:11     | Killed Urug
 11138 | D:11     | Noticed a cyclops
 11141 | D:11     | Killed a cyclops
 11142 | D:11     | Reached skill level 9 in Fighting
 11670 | D:12     | Reached skill level 1 in Invocations
 11981 | D:12     | Noticed a manticore
 11984 | D:12     | Noticed a cyclops
 11985 | D:12     | Noticed a harpy
 11988 | D:12     | Noticed an orc knight
 11989 | D:12     | Noticed a tengu warrior
 11991 | D:12     | Noticed a two-headed ogre
 11995 | D:12     | Killed a manticore
 12000 | D:12     | Killed a harpy
 12007 | D:12     | Killed a cyclops
 12008 | D:12     | Reached skill level 10 in Armour
 12011 | D:12     | Killed a two-headed ogre
 12012 | D:12     | Reached XP level 12. HP: 74/105 MP: 13/13
 12015 | D:12     | Killed a tengu warrior
 12016 | D:12     | Noticed an ogre mage
 12022 | D:12     | Noticed an ogre mage
 12027 | D:12     | Noticed a boulder beetle
 12032 | D:12     | Noticed a six-headed hydra
 12176 | D:12     | Killed an ogre mage
 12239 | D:12     | Found Uxkees's Jewellery Shoppe.
 12282 | D:12     | Noticed a five-headed hydra
 12284 | D:12     | Noticed an eight-headed hydra
 12305 | D:12     | Your ally Brandogh died
 12308 | D:12     | Killed an eight-headed hydra
 12309 | D:12     | Reached skill level 10 in Shields
 12311 | D:12     | Noticed Rupert
 12334 | D:12     | Killed Rupert
 12335 | D:12     | Reached skill level 10 in Fighting
 12335 | D:12     | Reached skill level 5 in Dodging
 12403 | D:12     | Killed a five-headed hydra
 12598 | D:12     | Reached ***** piety under Beogh
 12660 | D:12     | Noticed a boulder beetle
 12700 | D:12     | Killed a boulder beetle
 12781 | D:12     | Noticed a two-headed ogre
 12801 | D:12     | Killed a boulder beetle
 12806 | D:12     | Killed a two-headed ogre
 12833 | D:12     | Noticed a six-headed hydra
 12849 | D:12     | Killed a seven-headed hydra
 12925 | D:12     | Paralysed by an ogre mage for 7 turns
 12937 | D:12     | Killed an ogre mage
 12980 | D:12     | Killed a six-headed hydra
 12981 | D:12     | Reached XP level 13. HP: 39/114 MP: 14/14
 13258 | D:12     | Identified the Reference Book on the Creative Oath
 13402 | D:12     | Noticed a tengu reaver
 13429 | D:12     | Killed a tengu reaver
 13805 | D:12     | Reached skill level 11 in Fighting
 14328 | D:12     | Gained Brandogh as an ally
 15616 | D:13     | Found a gate to the Vaults.
 15616 | D:13     | Noticed a vault guard
 15616 | D:13     | Noticed a vault guard
 15616 | D:13     | Noticed a vault guard
 15616 | D:13     | Noticed a vault guard
 15716 | D:13     | Killed a vault guard
 15797 | D:13     | Killed a vault guard
 15810 | D:13     | Killed a vault guard
 15872 | D:13     | Killed a vault guard
 16089 | D:13     | Reached skill level 12 in Fighting
 16109 | D:13     | Reached XP level 14. HP: 126/126 MP: 16/16
 16468 | D:14     | Noticed Nessos
 17352 | D:14     | Killed Nessos
 17907 | Orc:1    | Entered Level 1 of the Orcish Mines
 18074 | Orc:2    | Entered Level 2 of the Orcish Mines
 18159 | Orc:1    | Found a flagged portal.
 18184 | Bailey   | Entered a bailey
 18418 | Bailey   | Gained Bogrim as an ally
 18432 | Bailey   | Gained Gorbash as an ally
 18468 | Bailey   | Gained Warbeogh as an ally
 19226 | Orc:2    | Found a staircase to the Elven Halls.
 19288 | Orc:2    | Found Nausydgha's Weapon Shoppe.
 19406 | Orc:2    | Found Paori's Distillery.
 19455 | Orc:2    | Your ally Gorbash died
 19484 | Orc:2    | Reached skill level 13 in Fighting
 19503 | Orc:2    | Found Faiseuq's Antique Weapon Shoppe.
 19562 | Orc:2    | Found Ihuel's Weapon Shop.
 19568 | Orc:2    | Reached ****** piety under Beogh
 19590 | Orc:2    | Found a roughly hewn altar of Beogh.
 20407 | Lair:1   | Entered Level 1 of the Lair of Beasts
 20495 | Lair:1   | Reached skill level 5 in Stealth
 20715 | Lair:1   | Gained Bogbarth as an ally
 20730 | Lair:1   | Found a frozen archway.
 20858 | IceCv    | Entered an ice cave
 21068 | IceCv    | Gained Syrus as an ally
 21293 | IceCv    | Noticed a frost giant
 21307 | IceCv    | Reached XP level 15. HP: 136/136 MP: 17/17
 21363 | IceCv    | Killed a frost giant
 22726 | Lair:2   | Reached skill level 14 in Fighting
 22968 | Lair:2   | Noticed Gastronok
 22983 | Lair:2   | Killed Gastronok
 23259 | Lair:2   | Found a staircase to the Swamp.
 23915 | Lair:3   | Identified the +6 quarterstaff "Wopumik" {vorpal, rElec
                  | rPois Dex-5}
 24261 | Lair:4   | Noticed Josephine
 24264 | Lair:4   | Killed Josephine
 24286 | Lair:4   | Found a gate leading to a gauntlet.
 24348 | Lair:4   | Noticed Snorg
 24354 | Lair:4   | Your ally Bogbarth died
 24371 | Lair:4   | Your ally Syrus died
 24373 | Lair:4   | Killed Snorg
 24415 | Lair:4   | Noticed Kirke
 24433 | Lair:4   | Killed Kirke
 24462 | Lair:4   | Found a hole to the Spider Nest.
 24814 | Lair:4   | Gained Morun as an ally
 25132 | Lair:5   | Gained Morguth as an ally
 25161 | Lair:5   | Gained Koronagh as an ally
 25952 | Lair:6   | Entered Level 6 of the Lair of Beasts
 26050 | Lair:6   | Reached skill level 15 in Shields
 26100 | Lair:6   | Found a runed translucent door.
 26584 | Lair:6   | Found a staircase to the Slime Pits.
 26750 | Lair:6   | Reached XP level 16. HP: 147/147 MP: 18/18
 26900 | Lair:6   | Gained Ogrik as an ally
 27059 | Lair:6   | Reached skill level 15 in Fighting
 27650 | Swamp:1  | Entered Level 1 of the Swamp
 27786 | Swamp:1  | Noticed a fenstrider witch
 27793 | Swamp:1  | Killed a fenstrider witch
 28964 | Swamp:2  | Your ally Morun died
 30010 | Swamp:3  | Upgraded the game from 0.27-a0-1105-g946c659c87 to
                  | 0.27-a0-1123-g2f9bb313c0
 30030 | Swamp:3  | Noticed a tentacled monstrosity
 30044 | Swamp:3  | Killed a tentacled monstrosity
 30154 | Swamp:3  | Noticed Nikola
 30175 | Swamp:3  | Killed Nikola
 30286 | Swamp:3  | Reached skill level 15 in Polearms
 30290 | Swamp:3  | Reached skill level 16 in Fighting
 30380 | Swamp:3  | Identified the +8 quarterstaff of Intimidation {spect, rF++
                  | Int-5 Dex+5}
 30620 | Swamp:4  | Entered Level 4 of the Swamp
 31167 | Swamp:4  | Your ally Morguth died
 31188 | Swamp:4  | Your ally Warbeogh died
 31200 | Swamp:4  | Your ally Koronagh died
 31209 | Swamp:4  | HP: 6/152 [six-headed hydra (11)]
 31219 | Swamp:4  | Your ally Ogrik died
 31223 | Swamp:4  | Reached XP level 17. HP: 18/159 MP: 19/19
 31267 | Swamp:4  | Your ally Brandogh died
 32186 | Swamp:4  | Got a decaying rune of Zot
 33895 | D:15     | Entered Level 15 of the Dungeon
 33926 | D:15     | Reached skill level 15 in Armour
 33950 | D:15     | Gained Bogwik as an ally
 33958 | D:15     | Found a staircase to the Depths.
 34292 | D:15     | Found a white marble altar of Elyvilon.
 35305 | Depths:1 | Entered Level 1 of the Depths
 35338 | Depths:1 | Noticed Mara
 35362 | Depths:1 | Noticed senseless's illusion
 35375 | Depths:1 | Your ally Bogwik died
 35377 | Depths:1 | Killed Mara
 35378 | Depths:1 | Reached skill level 17 in Fighting
 35430 | Depths:1 | Found a gateway to Hell.
 36118 | Depths:1 | Found Lirasch's Armour Boutique.
 36118 | Depths:1 | Found Jaibaceh's Book Shop.
 36119 | Depths:1 | Found Measir's General Store.
 36121 | Depths:1 | Found Wunn's Antique Armour Boutique.
 36123 | Depths:1 | Bought a scroll of acquirement for 988 gold pieces
 36123 | Depths:1 | Acquired the +15 Maxwell's patent armour {-Cast -Tele rElec
                  | Will+ rCorr}
 36124 | Depths:1 | Found the +15 Maxwell's patent armour {-Cast -Tele rElec
                  | Will+ rCorr}
 36143 | Depths:1 | Bought an embroidered cloak for 277 gold pieces
 36143 | Depths:1 | Bought a pair of runed gloves for 277 gold pieces
 36569 | Depths:1 | Found Sopyiseo's Antique Armour Emporium.
 36722 | Depths:1 | Found a shimmering altar of Xom.
 36875 | Hell     | Entered the Vestibule of Hell
 36875 | Hell     | Noticed Geryon
 36989 | Depths:2 | Found Diazint's General Store.
 37000 | Depths:2 | Found a one-way gate leading to the halls of Pandemonium.
 37321 | Depths:2 | Gained Wargath as an ally
 37327 | Depths:2 | Your ally Wargath died
 37367 | Depths:2 | HP: 1/162 [spriggan berserker/+0 quarterstaff (27)]
 37371 | Depths:2 | Slain by an iron troll

Illustrated notes

Levels and vault maps discovered:
D:1:      psy_arrival_dodecagon, layout_basic,
          hellmonk_ecumenical_altar_run_dry, serial_glass, glass_columns_a,
          glass_columns_a
D:2:      layout_basic, st_stairs_8
D:3:      layout_basic, serial_shops, nicolae_shop_overgrown_old_shop
D:4:      layout_basic, minmay_temple_entry_fiery, enter_ossuary_1,
          minmay_ruptured, uniq_natasha, uniq_edmund
D:5:      wad_woods_settlement, layout_basic, gammafunk_temple_overflow_claw,
          uniq_prince_ribbit1
D:6:      layout_cave_pools
D:7:      layout_basic
D:8:      layout_gridville, grunt_temple_overflow_open,
          grunt_lair_entry_orc_guard_hut
D:9:      layout_roguey, nzn_wu_jian_council_hall,
          kennysheep_orc_monster_closet_entryway,
          chequers_serial_rivers_small_a, uniq_maurice
D:10:     layout_irregular_city
D:11:     layout_grid_maze, hangedman_minor_magic, uniq_urug, uniq_erolcha
D:12:     minmay_the_grid_square_5x5_4x4
          [minmay_the_grid_square_5x5_broken_cross,
          minmay_the_grid_square_5x5_forky,
          minmay_the_grid_square_5x5_tri_point,
          minmay_the_grid_square_5x5_two_walls_b,
          minmay_the_grid_square_5x5_inner_z,
          minmay_the_grid_square_5x5_prize_open,
          minmay_the_grid_square_5x5_prize_monsterx,
          minmay_the_grid_square_5x5_spiral, minmay_the_grid_square_5x5_shrine1,
          minmay_the_grid_square_5x5_prize_waves,
          minmay_the_grid_square_5x5_prize_junk, minmay_the_grid_square_5x5_six,
          minmay_the_grid_square_5x5_hollow_slash,
          minmay_the_grid_square_5x5_corner, minmay_the_grid_square_5x5_shrine2,
          minmay_the_grid_square_5x5_fat_x], layout_stronghold, serial_shops,
          shop, uniq_rupert
D:13:     layout_rooms, lightli_vaults_fourway_checkpoint,
          chequers_serial_rivers_micro_b, hangedman_decor_growths
D:14:     layout_basic, minmay_holes, amcnicky_mini_pool_medium, uniq_nessos
D:15:     hangedman_depths_entry_civil_slaughter, layout_stronghold,
          elyvilon_altar_1, minmay_rotating_lava
Lair:1:   layout_gridlike, portal_ice_cave_entry_ice_beasts, grunt_megastairs_5
Lair:2:   layout_roguey, nicolae_swamp_entry_splash_gauntlet, uniq_gastronok
Lair:3:   layout_roguey, infiniplex_staircase_pool, grunt_megastairs_2
Lair:4:   layout_layer_cave, spider_nest_entry_rubble, gauntlet_entry_generic,
          serial_bayou_shore_a, uniq_kirke, uniq_snorg, uniq_josephine
Lair:5:   layout_small_grid, kennysheep_rathole, grunt_megastairs_4
Lair:6:   hangedman_lair_caniforms_friends, layout_cave_pods, wormcave,
          minmay_slime_entry_jelly_boxes
Swamp:1:  layout_basic_swamp, hangedman_swamp_blocks
Swamp:2:  layout_basic_swamp, nicolae_swamp_some_circles, swamp_pool4,
          lightli_tree_ring
Swamp:3:  layout_basic_swamp, evilmike_swamp_ruin_house_4, uniq_nikola
Swamp:4:  swamp_basic_johnstein, layout_basic_swamp
Orc:1:    layout_diamond_mine, enter_bailey_5, nicolae_orc_crystal_geode
Orc:2:    st_orc_town, layout_diamond_mine
Depths:1: layout_cave_pools, hangedman_decor_points, serial_shops, shop,
          hell_entry, led_xom_imps, minmay_shoptagon, uniq_mara
Depths:2: kennysheep_demon_jail, layout_basic, enter_ziggurat_d,
          nicolae_uskayaw_suspiria, serial_shops, shop_statue, shop,
          kennysheep_mini_moat, nicolae_shop_waterfront, kennysheep_mini,
          rand_demon_pan_entry_8, hangedman_coc_ice_floe,
          evilmike_ruin_ashenzari
Hell

Skill      XL: |  1  2  3  4  5  6  7  8  9 10 11 12 13 14 15 16 17 |
---------------+----------------------------------------------------+-----
Fighting       | 4 5 6 7 8 9 10 12 13 14 16 17 | 17.6
Axes           | 3 4 |  4.3
Armour         | 4 5 6 7 9 10 11 12 13 14 16 | 16.1
Shields        | 4 5 6 7 8 9 11 12 13 15 | 15.0
Polearms       | 1 3 5 6 8 9 11 12 13 14 15 16 | 16.2
Dodging        | 1 2 3 4 5 6 7 |  7.8
Stealth        | 1 2 3 4 5 6 |  6.1
Invocations    | 1 2 3 4 |  4.0

Action                   |  1- 3 |  4- 6 |  7- 9 | 10-12 | 13-15 | 16-18 || total
-------------------------+-------+-------+-------+-------+-------+-------++-------
Melee: War axe           |   113 |    64 |       |       |       |       ||   177
       Spear             |       |    85 |   409 |   543 |  1762 |  1525 ||  4324
Throw: Throwing net      |       |       |     1 |       |       |       ||     1
Invok: Convert to Beogh  |       |     1 |       |       |       |       ||     1
       Recall Orcish Fol |       |       |       |     3 |    11 |     2 ||    16
       Stop Recall       |       |       |       |       |     2 |     1 ||     3
Evoke: Wand              |       |       |       |       |     1 |       ||     1
  Use: Scroll            |     2 |       |    14 |    10 |    13 |     4 ||    43
       Potion            |       |     1 |     3 |    10 |     2 |    13 ||    29
 Stab: Distracted        |       |     1 |     1 |       |     9 |     9 ||    20
       Sleeping          |       |       |     2 |     4 |     5 |       ||    11
       Held in net/web   |       |       |     1 |       |       |       ||     1
Armor: Scale mail        |    46 |    60 |   126 |   184 |   135 |       ||   551
       Plate armour      |       |       |       |       |   219 |   601 ||   820
Dodge: Dodged            |    38 |    44 |    85 |   174 |   334 |   555 ||  1230
Block: Kite shield       |    53 |    78 |   149 |   254 |   705 |   853 ||  2092

Table legend: (Time is in decaauts)
 A = Elapsed time spent in this place.
 B = Non-inter-level travel time spent in this place.
 C = Inter-level travel time spent in this place.
 D = Time resting spent in this place.
 E = Time spent auto-exploring this place.
 F = Levels seen in this place.
 G = Mean time per level.
                   A        B        C        D        E       F      G
               +--------+--------+--------+--------+--------+-----+--------+
         Total |  35730 |  33832 |   1898 |   4302 |  24014 |  33 | 1082.7 |
       Dungeon |  19343 |  18178 |   1165 |   1745 |  13575 |  15 | 1289.5 |
          Lair |   5955 |   5567 |    388 |    662 |   4156 |   6 |  992.5 |
         Swamp |   4499 |   4383 |    116 |   1286 |   2539 |   4 | 1124.8 |
  Orcish Mines |   1814 |   1599 |    215 |    419 |    899 |   2 |  907.0 |
        Depths |   1791 |   1778 |     13 |     17 |   1347 |   2 |  895.5 |
          Hell |      1 |      1 |      0 |      0 |      0 |   1 |    1.0 |
       Ossuary |    980 |    980 |      0 |     72 |    603 |   1 |  980.0 |
        Bailey |    521 |    521 |      0 |    100 |    311 |   1 |  521.0 |
      Ice Cave |    823 |    823 |      0 |      0 |    584 |   1 |  823.0 |
               +--------+--------+--------+--------+--------+-----+--------+

Top non-repeatable levels by time:
    D:12: 3247 daAuts
     D:9: 1697 daAuts
 Swamp:4: 1620 daAuts
    D:11: 1569 daAuts
    D:14: 1547 daAuts
     D:1: 1489 daAuts
  Lair:6: 1445 daAuts
Depths:1: 1404 daAuts
    D:13: 1318 daAuts
     D:5: 1310 daAuts
 Swamp:1: 1281 daAuts
    D:15: 1260 daAuts
   Orc:2: 1198 daAuts
    D:10: 1152 daAuts
  Lair:1: 1113 daAuts
